[Event "Titled Tuesday Blitz June 8 2021"]
[White "Rychkov, Oleg"]
[Black "Kamsky, Gata"]
[WhiteFideId "4122852"]
[BlackFideId "2000024"]
[WhiteElo "2493"]
[BlackElo "2644"]
[Result "0-1"]
[Round "04"]
[TimeControl "180+1"]
[Date "2021.06.08"]
[WhiteClock "0:01:28"]
[BlackClock "0:01:42"]

1. d4 Nf6 2. c4 e6 3. Nf3 b6 4. Nc3 Bb4 5. Bd2 Bb7 6. e3 O-O 7. Bd3 c5 8. a3 Bxc3 9. Bxc3 cxd4 10. Bxd4 d6 11. O-O e5 12. Nxe5 dxe5 13. Bxe5 Nbd7 14. Bd6 Re8 15. b4 Ne5 16. Be2 Ne4 17. Bxe5 Rxe5 18. Qc2 Nd2 19. Rfd1 Qg5 20. g3 Nf3+ 21. Bxf3 Bxf3 22. Rd4 Rae8 23. Rf4 Be4 24. Qd2 Qe7 25. Rd1 g5 26. Rg4 h5 27. f4 hxg4 28. fxe5 Bf3 29. Re1 Qxe5 30. Kf2 Qf5 31. Kg1 Bc6 0-1


[Site "https://www.chess.com"]

[Event "Titled Tuesday Blitz June 8 2021"]
[White "Samsonkin, Artiom"]
[Black "Vignesh, N R"]
[WhiteFideId "13503111"]
[BlackFideId "25012215"]
[WhiteElo "2513"]
[BlackElo "2401"]
[Result "1-0"]
[Round "04"]
[TimeControl "180+1"]
[Date "2021.06.08"]
[WhiteClock "0:00:14"]
[BlackClock "0:00:02"]

1. e4 e5 2. Nf3 Nc6 3. d4 exd4 4. Bc4 Nf6 5. e5 d5 6. Bb5 Ne4 7. Nxd4 Bd7 8. Bxc6 bxc6 9. O-O Be7 10. f3 Nc5 11. f4 Ne4 12. Nc3 Nxc3 13. bxc3 c5 14. Ne2 O-O 15. f5 c6 16. Ng3 Re8 17. Qg4 Bf8 18. e6 fxe6 19. f6 Kh8 20. Nh5 gxf6 21. Nxf6 Bg7 22. Bg5 Re7 23. Nxh7 Kxh7 24. Qh4+ Kg8 25. Bxe7 Qe8 26. Rf3 e5 27. Rg3 Bf5 28. Rf1 Bg6 29. Rf8+ Bxf8 30. Bxf8 Kxf8 31. Qf6+ 1-0


[Site "https://www.chess.com"]

[Event "Titled Tuesday Blitz June 8 2021"]
[White "Siva Mahadevan"]
[Black "Nenezic, Marko"]
[WhiteFideId "25043153"]
[BlackFideId "912123"]
[WhiteElo "2203"]
[BlackElo "2438"]
[Result "0-1"]
[Round "04"]
[TimeControl "180+1"]
[Date "2021.06.08"]
[WhiteClock "0:00:08"]
[BlackClock "0:00:14"]

1. e4 c5 2. Nf3 d6 3. d4 cxd4 4. Nxd4 Nf6 5. Nc3 a6 6. Bg5 e6 7. f4 Qc7 8. Qe2 Nbd7 9. O-O-O Be7 10. g4 b5 11. a3 Rb8 12. Bg2 Bb7 13. Rhe1 O-O 14. Kb1 Ba8 15. e5 Bxg2 16. exf6 gxf6 17. Qxg2 fxg5 18. Nc6 Nb6 19. Nxb8 Rxb8 20. f5 Na4 21. fxe6 Nxc3+ 22. bxc3 Bf6 23. exf7+ Kxf7 24. Qd5+ Kg7 25. Rd3 Be5 26. Rf3 a5 27. Ref1 Bf4 28. h4 b4 29. axb4 axb4 30. c4 Qa7 31. Rxf4 gxf4 32. Qg5+ Kh8 33. Qf6+ Qg7 34. Rxf4 b3 35. cxb3 Rxb3+ 36. Kc2 Ra3 37. Qxg7+ Kxg7 38. Rd4 Rg3 39. g5 Rh3 40. Kd2 Kf7 41. Ke2 Ke7 42. Kf2 Ke6 43. Kg2 Rc3 44. Rf4 Rc1 45. Rf6+ Ke7 46. Rh6 Rxc4 47. Rxh7+ Ke6 48. Rh6+ Ke5 49. Rf6 d5 50. Kg3 d4 51. Rf1 d3 52. h5 Ke4 53. Rf4+ Ke3 54. Rf8 d2 55. Re8+ Re4 56. Rd8 Rd4 57. Re8+ Kd3 0-1


[Site "https://www.chess.com"]

[Event "Titled Tuesday Blitz June 8 2021"]
[White "SpeedofLight0"]
[Black "Perez Ponsa, Federico"]
[BlackFideId "117927"]
[WhiteElo "2774"]
[BlackElo "2672"]
[Result "1/2-1/2"]
[Round "04"]
[TimeControl "180+1"]
[Date "2021.06.08"]
[WhiteClock "0:00:28"]
[BlackClock "0:00:24"]

1. Nf3 Nf6 2. c4 e6 3. g3 d5 4. Bg2 d4 5. O-O c5 6. e3 Nc6 7. exd4 cxd4 8. b3 Bd6 9. Na3 a6 10. d3 O-O 11. Nc2 e5 12. b4 Re8 13. Rb1 Rb8 14. Bg5 h6 15. Bxf6 Qxf6 16. Nd2 Bf8 17. c5 Bf5 18. Ne4 Qg6 19. Na3 Be6 20. Qc2 a5 21. bxa5 Nxa5 22. Rb5 Ra8 23. Rfb1 Kh8 24. Nd2 f5 25. Nac4 Nxc4 26. Nxc4 Bxc4 27. Qxc4 e4 28. dxe4 fxe4 29. Qxd4 e3 30. fxe3 Rxa2 31. Rxb7 Qc2 32. R7b2 Rxb2 33. Qxb2 Qxc5 34. Re1 Rxe3 35. Rxe3 Qxe3+ 36. Qf2 Qc1+ 37. Qf1 Bc5+ 38. Kh1 Qxf1+ 39. Bxf1 1/2-1/2


[Site "https://www.chess.com"]

[Event "Titled Tuesday Blitz June 8 2021"]
[White "Suarez Gomez, Julio"]
[Black "Sarana, Alexey"]
[WhiteFideId "22275991"]
[BlackFideId "24133795"]
[WhiteElo "2376"]
[BlackElo "2629"]
[Result "1-0"]
[Round "04"]
[TimeControl "180+1"]
[Date "2021.06.08"]
[WhiteClock "0:00:20"]
[BlackClock "0:00:01"]

1. d4 Nf6 2. Nf3 d5 3. c4 e6 4. e3 Bd6 5. Nc3 O-O 6. b3 b6 7. Bb2 Bb7 8. cxd5 exd5 9. g3 Nbd7 10. Bg2 Ba6 11. Bf1 Bxf1 12. Kxf1 c6 13. Kg2 Re8 14. Rc1 Rc8 15. Re1 Qe7 16. Ne2 Ne4 17. Nf4 Ndf6 18. Nd3 Ng4 19. Nfe5 Nxe5 20. dxe5 Bb8 21. f3 Ng5 22. h4 Ne6 23. f4 g6 24. Nf2 h5 25. g4 Ng7 26. e4 Rcd8 27. Qf3 Qxh4 28. Rh1 Qe7 29. exd5 cxd5 30. gxh5 Qe6 31. Ng4 Nxh5 32. Rxh5 gxh5 33. Nf6+ Kg7 34. f5 Qe7 35. Nxh5+ Kh6 36. f6 Qe6 37. Rh1 Rh8 38. Nf4+ Kg5 39. Nxe6+ 1-0


[Site "https://www.chess.com"]

[Event "Titled Tuesday Blitz June 8 2021"]
[White "Vidit, Santosh Gujrathi"]
[Black "Nesterov, Arseniy"]
[WhiteFideId "5029465"]
[BlackFideId "24198455"]
[WhiteElo "2735"]
[BlackElo "2441"]
[Result "0-1"]
[Round "04"]
[TimeControl "180+1"]
[Date "2021.06.08"]
[WhiteClock "0:00:05"]
[BlackClock "0:00:10"]

1. e4 e5 2. Nf3 Nc6 3. Bc4 Bc5 4. c3 Nf6 5. d3 d6 6. O-O O-O 7. Re1 a5 8. h3 Be6 9. Bb5 Bd7 10. Nbd2 a4 11. Nf1 Ne7 12. Bxd7 Nxd7 13. d4 Bb6 14. Ng3 h6 15. Be3 Ng6 16. Qd2 Re8 17. Nf5 Qf6 18. Rad1 exd4 19. Bxd4 Bxd4 20. N3xd4 Nc5 21. f3 Ne5 22. Qc2 h5 23. Ne3 c6 24. Ndf5 Rad8 25. Kh1 g6 26. Nd4 Ra8 27. Rd2 Red8 28. Qd1 Ne6 29. Rf1 Nf4 30. Ne2 Nxe2 31. Qxe2 Qf4 32. Rfd1 Rd7 33. Qf2 Re8 34. h4 d5 35. Kg1 Rde7 36. Rd4 Qf6 37. exd5 Nxf3+ 38. Qxf3 Qxf3 39. gxf3 Rxe3 40. dxc6 bxc6 41. Rf1 Re2 42. Rf2 Rxf2 43. Kxf2 Rb8 44. Rb4 Rxb4 45. cxb4 Kg7 46. Ke3 Kf6 47. Kf4 Ke6 48. Ke4 f6 49. f4 Kd6 50. a3 Ke6 51. Kd4 Kf5 52. Kc5 g5 53. fxg5 fxg5 54. hxg5 h4 55. Kxc6 h3 56. b5 h2 57. b6 h1=Q+ 58. Kc7 Qh7+ 59. Kc8 Qg8+ 60. Kb7 Qd5+ 61. Ka7 Qa5+ 62. Kb7 Kxg5 63. Kc6 Qa6 64. Kc7 Qc4+ 65. Kd6 Qb5 66. Kc7 Qc5+ 67. Kb7 Kf6 68. Ka6 Qc6 69. Ka7 Qb5 70. b7 Qa5+ 71. Kb8 Ke6 72. Kc8 Qc5+ 73. Kd8 Qb6+ 74. Kc8 Qc6+ 75. Kb8 Kd7 76. Ka7 Qc5+ 77. Ka6 Kc7 78. b8=Q+ Kxb8 79. b4 axb3 80. a4 b2 81. a5 Qc6# 0-1


[Site "https://www.chess.com"]

[Event "Titled Tuesday Blitz June 8 2021"]
[White "Wagner, Dennis"]
[Black "Gavrilescu, David"]
[WhiteFideId "24650684"]
[BlackFideId "1227190"]
[WhiteElo "2355"]
[BlackElo "2370"]
[Result "0-1"]
[Round "04"]
[TimeControl "180+1"]
[Date "2021.06.08"]
[WhiteClock "0:00:06"]
[BlackClock "0:01:03"]

1. e4 e6 2. d4 d5 3. Nc3 Nf6 4. e5 Nfd7 5. f4 c5 6. Nf3 Nc6 7. Be3 cxd4 8. Nxd4 Qb6 9. Qd2 Qxb2 10. Rb1 Qa3 11. Bb5 Nxd4 12. Bxd4 a6 13. Bxd7+ Bxd7 14. Rb3 Qe7 15. Rxb7 Qd8 16. Bb6 Qc8 17. Rc7 Qd8 18. O-O Rc8 19. Rb7 Bc5+ 20. Bxc5 Rxc5 21. Ne2 O-O 22. Nd4 Rc4 23. Rfb1 Qc8 24. R1b4 Bb5 25. Rxc4 dxc4 26. Rb6 Rd8 27. Rd6 Rxd6 28. exd6 Qc5 29. Kf2 Qxd6 30. Nf3 Qc7 31. Qd4 h6 32. c3 Qa5 33. Kg3 Qc7 34. Ne5 f6 35. Ng6 Be8 36. Nh4 g5 37. Nf3 Kf7 38. h4 gxf4+ 39. Qxf4 Qxf4+ 40. Kxf4 e5+ 41. Ke3 h5 42. Nd2 Bc6 43. g3 Bd5 44. a3 Ke6 45. Nb1 Kf5 46. Nd2 Kg4 47. Kf2 f5 48. Nf1 f4 49. Nh2+ Kh3 50. Nf1 fxg3+ 51. Nxg3 Kxh4 52. Nf5+ Kg5 53. Ne3 Be6 54. Kg3 h4+ 55. Kf3 h3 56. Kg3 a5 57. Nf1 Kf5 58. Kxh3 Ke4+ 59. Kg2 Kd3 60. Kf2 Kxc3 61. Ke3 Kb2 62. Nd2 c3 63. Nf3 c2 64. Nxe5 c1=Q+ 65. Ke4 Qe1+ 0-1


[Site "https://www.chess.com"]

[Event "Titled Tuesday Blitz June 8 2021"]
[White "Willow, Jonah B"]
[Black "Andreikin, Dmitry"]
[WhiteFideId "438804"]
[BlackFideId "4158814"]
[WhiteElo "2261"]
[BlackElo "2782"]
[Result "0-1"]
[Round "04"]
[TimeControl "180+1"]
[Date "2021.06.08"]
[WhiteClock "0:00:08"]
[BlackClock "0:01:01"]

1. e4 e6 2. d4 d5 3. Nd2 c5 4. Ngf3 Nf6 5. exd5 Nxd5 6. Nb3 Nd7 7. g3 b6 8. Bg2 Ba6 9. Bg5 Be7 10. Bxe7 Qxe7 11. dxc5 Rc8 12. Qd4 O-O 13. cxb6 Rxc2 14. Bf1 Bb7 15. Bd3 Nb4 16. Nbd2 Nc5 17. Be2 Rd8 18. Qg4 f5 19. Qf4 Ncd3+ 0-1


[Site "https://www.chess.com"]

[Event "Titled Tuesday Blitz June 8 2021"]
[White "Xiong, Jeffery"]
[Black "Petesch, Gabriel"]
[WhiteFideId "2047640"]
[BlackFideId "2032465"]
[WhiteElo "2724"]
[BlackElo "2374"]
[Result "1-0"]
[Round "04"]
[TimeControl "180+1"]
[Date "2021.06.08"]
[WhiteClock "0:01:51"]
[BlackClock "0:00:32"]

1. d4 d5 2. c4 e6 3. Nf3 Nf6 4. g3 Be7 5. Bg2 O-O 6. O-O Nbd7 7. Qd3 c6 8. Nc3 b6 9. e4 Ba6 10. b3 dxe4 11. Nxe4 b5 12. Nxf6+ Bxf6 13. Be3 bxc4 14. bxc4 Rb8 15. Rac1 Qa5 16. Nd2 Rfc8 17. Ne4 Qxa2 18. Nd6 Rd8 19. Ra1 Nc5 20. Qd1 Qb3 21. dxc5 Bxa1 22. Qxb3 Rxb3 23. Rxa1 Bc8 24. Bxc6 e5 25. Nxc8 Rxc8 26. Bd7 1-0


[Site "https://www.chess.com"]

[Event "Titled Tuesday Blitz June 8 2021"]
[White "Yilmaz, Mustafa"]
[Black "Hambleton, Aman"]
[WhiteFideId "6302718"]
[BlackFideId "2606577"]
[WhiteElo "2518"]
[BlackElo "2552"]
[Result "1-0"]
[Round "04"]
[TimeControl "180+1"]
[Date "2021.06.08"]
[WhiteClock "0:00:07"]
[BlackClock "0:00:01"]

1. d4 Nf6 2. c4 e6 3. Nf3 b6 4. g3 Ba6 5. Nbd2 Bb4 6. Qb3 Nc6 7. Bg2 Bb7 8. O-O Bxd2 9. Bxd2 O-O 10. Qc2 Ne7 11. b4 d6 12. a4 Be4 13. Qb3 h6 14. Rfc1 Nf5 15. Bc3 Re8 16. Bh3 Bxf3 17. exf3 d5 18. c5 bxc5 19. dxc5 d4 20. Rd1 Qd5 21. Qxd5 Nxd5 22. Bxd4 Nxb4 23. Bc3 Nc6 24. Rd7 Rac8 25. Rb1 Red8 26. Rxd8+ Nxd8 27. Bf1 Nc6 28. Rb7 Nfe7 29. Ba6 Nd5 30. Bd2 Rb8 31. Rb5 Rd8 32. Kg2 Kf8 33. Bb7 Nde7 34. Bf4 Rd7 35. Ba8 f6 36. Bb7 e5 37. Bc1 Nd4 38. Rb2 Nec6 39. Be3 Rd8 40. Ba6 Ke7 41. f4 Kd7 42. fxe5 fxe5 43. Rd2 Ke7 44. Rb2 Ne6 45. Bc4 Rb8 46. Rxb8 Nxb8 47. Kf3 Nc6 48. Ke4 Kd7 49. Bb5 Nd8 50. Kd5 a6 51. Be2 Ne6 52. Bg4 Nd8 53. Kxe5 Ke7 54. h4 Nc6+ 55. Ke4 Nb4 56. Bd2 Nc6 57. Kd5 Ncd8 58. c6 Nf8 59. Bb4+ Kf7 60. h5 Nh7 61. Bf3 Nf6+ 62. Ke5 Ne8 63. Bd5+ 1-0


[Site "https://www.chess.com"]

[Event "Titled Tuesday Blitz June 8 2021"]
[White "Abdusattorov, Nodirbek"]
[Black "Nesterov, Arseniy"]
[WhiteFideId "14204118"]
[BlackFideId "24198455"]
[WhiteElo "2662"]
[BlackElo "2441"]
[Result "1-0"]
[Round "05"]
[TimeControl "180+1"]
[Date "2021.06.08"]
[WhiteClock "0:00:58"]
[BlackClock "0:00:04"]

1. d4 d5 2. Nf3 Nf6 3. c4 c6 4. g3 g6 5. Bg2 Bg7 6. O-O O-O 7. Qb3 dxc4 8. Qxc4 Bg4 9. Nc3 Nbd7 10. Rd1 Nb6 11. Qb3 Be6 12. Qc2 Nfd5 13. e4 Nb4 14. Qe2 Bc4 15. Qd2 Nd3 16. b3 Ba6 17. Ba3 Bxd4 18. Nxd4 Qxd4 19. Bxe7 Rfe8 20. Bg5 Nd7 21. Be3 Qb4 22. Qc2 N7e5 23. a3 Qe7 24. h3 Nc5 25. f4 Ned7 26. b4 Ne6 27. e5 Nb6 28. Ne4 Nd5 29. Rxd5 cxd5 30. Nf6+ Kg7 31. f5 Rec8 32. Qf2 d4 33. Bd2 gxf5 34. Qxf5 Nf8 35. Bh6+ Kxh6 36. Ng8+ Kg7 37. Nxe7 Ng6 38. Nxc8 1-0


[Site "https://www.chess.com"]

[Event "Titled Tuesday Blitz June 8 2021"]
[White "Abdyzhapar, Asylbek"]
[Black "Gumularz, Szymon"]
[WhiteFideId "13800337"]
[BlackFideId "1188062"]
[WhiteElo "2383"]
[BlackElo "2384"]
[Result "0-1"]
[Round "05"]
[TimeControl "180+1"]
[Date "2021.06.08"]
[WhiteClock "0:01:01"]
[BlackClock "0:01:15"]

1. d4 Nf6 2. Bf4 c5 3. d5 b5 4. c4 g6 5. cxb5 Bg7 6. Nc3 O-O 7. a4 a6 8. e3 axb5 9. Bxb5 d6 10. Nge2 Na6 11. O-O Nb4 12. e4 Ba6 13. h3 Nd7 14. Qd2 Ne5 15. b3 Bxb5 16. Nxb5 Qd7 17. Bh6 Bxh6 18. Qxh6 f6 19. f4 Nf7 20. Qh4 Kh8 21. Nec3 Rg8 22. Qf2 g5 23. f5 g4 24. h4 g3 25. Qe3 Rg4 26. Qf3 Ne5 27. Qe2 Qe8 28. Nc7 Qh5 29. Rf4 Qxh4 30. Rxg4 Qh2+ 31. Kf1 Qh1# 0-1


[Site "https://www.chess.com"]

[Event "Titled Tuesday Blitz June 8 2021"]
[White "Aditya Mittal"]
[Black "Hristodorescu, Daniel"]
[WhiteFideId "35042025"]
[BlackFideId "1203100"]
[WhiteElo "2171"]
[BlackElo "2175"]
[Result "1-0"]
[Round "05"]
[TimeControl "180+1"]
[Date "2021.06.08"]
[WhiteClock "0:00:48"]
[BlackClock "0:00:35"]

1. Nf3 Nf6 2. g3 g6 3. Bg2 Bg7 4. c4 O-O 5. O-O c6 6. d3 d5 7. Qc2 Nbd7 8. Bf4 Re8 9. cxd5 Nxd5 10. Bd2 Qb6 11. Nc3 e5 12. a3 N7f6 13. Rac1 Nxc3 14. Bxc3 Nd5 15. Bd2 a5 16. b3 h6 17. h3 Be6 18. Rb1 Qd8 19. Rfc1 Qd7 20. Kh2 Nc7 21. Bc3 Nb5 22. Bxe5 Nxa3 23. Qb2 Bxe5 24. Nxe5 Qd6 25. Ra1 Nb5 26. f4 Bd5 27. Ng4 Bxg2 28. Nxh6+ Kh7 29. Nxf7 1-0


[Site "https://www.chess.com"]

[Event "Titled Tuesday Blitz June 8 2021"]
[White "Ahmadzada, Ahmad"]
[Black "Ovetchkin, Roman"]
[WhiteFideId "13413007"]
[BlackFideId "4119991"]
[WhiteElo "2226"]
[BlackElo "2428"]
[Result "0-1"]
[Round "05"]
[TimeControl "180+1"]
[Date "2021.06.08"]
[WhiteClock "0:00:02"]
[BlackClock "0:00:36"]

1. e4 c6 2. d4 d5 3. exd5 cxd5 4. Bd3 Nc6 5. c3 Nf6 6. Bf4 Bg4 7. Qb3 Qd7 8. Nd2 e6 9. Ngf3 Bd6 10. Bxd6 Qxd6 11. O-O O-O 12. Rfe1 Qc7 13. a4 Bh5 14. Bf1 a6 15. Qa3 Rfe8 16. a5 Bxf3 17. Nxf3 e5 18. dxe5 Nxe5 19. Nd4 Nfg4 20. g3 Nc6 21. Qa4 Rxe1 22. Rxe1 Qxa5 23. Qxa5 Nxa5 24. Re7 Kf8 25. Rc7 Ne5 26. b4 Nac6 27. Rxb7 Nxd4 28. cxd4 Nf3+ 29. Kg2 Nxd4 30. Rd7 Nc6 31. Bxa6 Nxb4 32. Bb5 Ra2 33. Kf3 h5 34. h4 g6 35. Rb7 Nc2 36. Bf1 Nd4+ 37. Kg2 Nf5 38. Rb3 Ke7 39. Bd3 Nd6 40. Rb6 Ke6 41. Rc6 Ke5 42. Rb6 Rd2 43. Bb1 Nc4 44. Ra6 Ne3+ 0-1


[Site "https://www.chess.com"]

[Event "Titled Tuesday Blitz June 8 2021"]
[White "Aitbayev, Aslan"]
[Black "pooh2012"]
[WhiteFideId "13704613"]
[WhiteElo "2417"]
[BlackElo "2565"]
[Result "1-0"]
[Round "05"]
[TimeControl "180+1"]
[Date "2021.06.08"]
[WhiteClock "0:01:22"]
[BlackClock "0:00:15"]

1. e4 c6 2. d4 d5 3. Nc3 dxe4 4. Nxe4 Nd7 5. Nf3 Ngf6 6. Nxf6+ Nxf6 7. Ne5 Bf5 8. c3 e6 9. g4 Bg6 10. h4 Bd6 11. Qe2 Bxe5 12. dxe5 Qd5 13. Rh3 Nd7 14. h5 Be4 15. f3 Nxe5 16. fxe4 1-0


[Site "https://www.chess.com"]

[Event "Titled Tuesday Blitz June 8 2021"]
[White "Andreikin, Dmitry"]
[Black "Grandelius, Nils"]
[WhiteFideId "4158814"]
[BlackFideId "1710400"]
[WhiteElo "2782"]
[BlackElo "2651"]
[Result "1/2-1/2"]
[Round "05"]
[TimeControl "180+1"]
[Date "2021.06.08"]
[WhiteClock "0:00:09"]
[BlackClock "0:00:19"]

1. e4 e5 2. Bc4 Nf6 3. Nc3 Nc6 4. d3 Na5 5. Bb3 Nxb3 6. axb3 Bc5 7. Nf3 d6 8. Na4 Nd7 9. O-O O-O 10. h3 a6 11. Nxc5 Nxc5 12. Be3 Ne6 13. d4 exd4 14. Nxd4 Nxd4 15. Qxd4 Re8 16. Rae1 Qh4 17. Bd2 Bd7 18. Re3 Re6 19. Rg3 f6 20. Qc4 Rc8 21. Re1 Qh5 22. Bc3 Kh8 23. f4 Qf7 24. e5 dxe5 25. fxe5 f5 26. Rd1 Bc6 27. Qf4 Rce8 28. Rf1 Rg6 29. e6 Rexe6 30. Qxf5 Qxf5 31. Rxf5 Kg8 32. Rxg6 Rxg6 33. g4 Re6 34. Re5 Rxe5 35. Bxe5 Be4 36. c3 c6 37. b4 Kf7 38. Kf2 g6 39. Ke3 Bg2 40. h4 Bh3 41. Kf4 h5 42. gxh5 gxh5 43. Ke4 Ke6 44. Kd4 Kd7 45. Kc5 Kc8 46. Kd6 Bg4 47. Bf6 Bd1 48. Bd4 Be2 49. Bb6 Bd1 50. Ke7 Be2 51. Kd6 Bd1 52. Ke7 Be2 53. Kd6 1/2-1/2


[Site "https://www.chess.com"]

[Event "Titled Tuesday Blitz June 8 2021"]
[White "Annaberdiyev, Babageldi"]
[Black "Baskin, Robert"]
[WhiteFideId "14000385"]
[BlackFideId "24662402"]
[WhiteElo "2332"]
[BlackElo "2462"]
[Result "1/2-1/2"]
[Round "05"]
[TimeControl "180+1"]
[Date "2021.06.08"]
[WhiteClock "0:00:40"]
[BlackClock "0:00:46"]

1. e4 c6 2. d4 d5 3. Nd2 dxe4 4. Nxe4 Nf6 5. Nxf6+ exf6 6. Bc4 Bd6 7. Qe2+ Qe7 8. Qxe7+ Kxe7 9. Ne2 Re8 10. Bf4 Bxf4 11. Nxf4 Kf8+ 12. Kd2 Bf5 13. Rhe1 Nd7 14. Bd3 Bg6 15. Rxe8+ Rxe8 16. Re1 Rd8 17. c3 c5 18. Ne2 Ne5 19. Bxg6 hxg6 20. Kc2 cxd4 21. Nxd4 Ng4 22. f3 Ne5 23. a4 a6 24. a5 Nc4 25. b4 f5 26. Re2 f4 27. Kb3 Ne3 28. Nc2 Nf1 29. Re1 Nd2+ 30. Ka4 Rd3 31. Rd1 Ke7 32. Nd4 Nc4 33. Rxd3 Nb2+ 34. Kb3 Nxd3 35. Kc4 Ne1 36. Kc5 Kd7 37. Kb6 Kc8 38. g3 g5 39. gxf4 gxf4 40. c4 g5 41. h3 f5 42. b5 axb5 43. cxb5 g4 44. hxg4 fxg4 45. fxg4 f3 46. Nxf3 Nxf3 47. a6 bxa6 48. bxa6 Kb8 49. a7+ Ka8 50. Ka6 Ng5 51. Kb6 Nf3 52. Ka6 Ng5 53. Kb6 Nf3 1/2-1/2


[Site "https://www.chess.com"]

[Event "Titled Tuesday Blitz June 8 2021"]
[White "Bachmann, Axel"]
[Black "Lazavik, Denis"]
[WhiteFideId "3700488"]
[BlackFideId "13515110"]
[WhiteElo "2642"]
[BlackElo "2436"]
[Result "1-0"]
[Round "05"]
[TimeControl "180+1"]
[Date "2021.06.08"]
[WhiteClock "0:00:27"]
[BlackClock "0:00:11"]

1. d4 Nf6 2. c4 e6 3. Nc3 Bb4 4. e3 O-O 5. Ne2 d5 6. a3 Be7 7. Nf4 c6 8. Bd3 dxc4 9. Bxc4 Nbd7 10. O-O e5 11. Nfe2 exd4 12. Nxd4 Ne5 13. Be2 Bd6 14. h3 Ng6 15. Qc2 Nh4 16. Nf3 Nxf3+ 17. Bxf3 Qe7 18. Ne4 Nxe4 19. Qxe4 Qxe4 20. Bxe4 Be5 21. Rb1 Rd8 22. b4 Be6 23. Bb2 Bxb2 24. Rxb2 Rd7 25. Rc1 Rad8 26. f4 h5 27. Bf3 h4 28. b5 cxb5 29. Rxb5 b6 30. a4 g6 31. e4 Rd4 32. a5 Bd7 33. Rg5 b5 34. f5 Kg7 35. fxg6 fxg6 36. Rc7 Kh6 37. Re5 Re8 38. Rxd7 Rxd7 39. Rxe8 Rd4 40. Ra8 Ra4 41. Rxa7 b4 42. Rb7 Rxa5 43. Rxb4 Kg5 44. Kf2 Kf4 45. e5+ Kxe5 46. Rxh4 Ra2+ 47. Kg3 Kf6 48. Re4 Kg7 49. Re2 Ra5 50. h4 Rf5 51. Re6 Ra5 52. Be4 Ra3+ 53. Kf4 Kf7 54. Rxg6 1-0


[Site "https://www.chess.com"]

[Event "Titled Tuesday Blitz June 8 2021"]
[White "Bologan, Victor"]
[Black "Yilmaz, Mustafa"]
[WhiteFideId "13900048"]
[BlackFideId "6302718"]
[WhiteElo "2511"]
[BlackElo "2518"]
[Result "1-0"]
[Round "05"]
[TimeControl "180+1"]
[Date "2021.06.08"]
[WhiteClock "0:01:15"]
[BlackClock "0:00:15"]

1. e4 e5 2. Nf3 Nc6 3. Bc4 Bc5 4. c3 Nf6 5. d3 d6 6. Nbd2 a5 7. h3 O-O 8. Nf1 d5 9. exd5 Nxd5 10. Ng3 a4 11. O-O a3 12. Re1 axb2 13. Bxb2 Nb6 14. Bb3 Bd6 15. d4 exd4 16. cxd4 Na5 17. Bc2 Nac4 18. Bc3 Be6 19. Qd3 g6 20. d5 Bxd5 21. Nh5 f6 22. Bxf6 Rxf6 23. Re8+ Qxe8 24. Nxf6+ Kf8 25. Nxe8 Rxe8 26. Bb3 Bc5 27. Rc1 Re4 28. Bxc4 Rxc4 29. Rxc4 Bxc4 30. Qd8+ 1-0


[Site "https://www.chess.com"]

[Event "Titled Tuesday Blitz June 8 2021"]
[White "Borsuk, Konstantin"]
[Black "Esipenko, Andrey"]
[WhiteFideId "14113406"]
[BlackFideId "24175439"]
[WhiteElo "2363"]
[BlackElo "2595"]
[Result "0-1"]
[Round "05"]
[TimeControl "180+1"]
[Date "2021.06.08"]
[WhiteClock "0:00:02"]
[BlackClock "0:00:47"]

1. d4 Nf6 2. c4 e6 3. Nc3 d5 4. cxd5 exd5 5. Bg5 Be7 6. e3 O-O 7. Bd3 c6 8. Nge2 Nh5 9. h4 Re8 10. Qc2 h6 11. Bxe7 Qxe7 12. O-O-O Bg4 13. Kb1 Bd7 14. Bf5 Nf6 15. Ng3 Na6 16. a3 Nc7 17. h5 Rad8 18. Rh3 a6 19. Bxd7 Qxd7 20. Nf5 Nb5 21. Nxb5 axb5 22. Rg3 Nxh5 23. Nxh6+ Kf8 24. Rg5 Nf6 25. Nf5 g6 26. Nh4 Ne4 27. Re5 Rxe5 28. dxe5 Qg4 29. f3 Qxh4 30. fxe4 Qg3 31. exd5 Qxe5 32. dxc6 Rxd1+ 33. Qxd1 bxc6 34. Qd8+ Kg7 35. Qd4 Qxd4 36. exd4 Kf6 37. b3 Ke6 38. Kc2 f5 39. a4 Kd6 40. a5 b4 41. Kd3 g5 42. Kc4 f4 0-1


[Site "https://www.chess.com"]

[Event "Titled Tuesday Blitz June 8 2021"]
[White "Concio, Michael Jr."]
[Black "Pap, Gyula"]
[WhiteFideId "5217873"]
[BlackFideId "725323"]
[WhiteElo "1896"]
[BlackElo "2562"]
[Result "1-0"]
[Round "05"]
[TimeControl "180+1"]
[Date "2021.06.08"]
[WhiteClock "0:00:03"]
[BlackClock "0:00:03"]

1. Nf3 Nf6 2. g3 g6 3. Bg2 Bg7 4. O-O O-O 5. c4 e6 6. c5 b6 7. d4 Bb7 8. Nc3 d6 9. cxd6 cxd6 10. b3 a6 11. Ba3 b5 12. Rc1 Qb6 13. Qd2 Nbd7 14. Bb2 h6 15. Rfd1 Ne4 16. Nxe4 Bxe4 17. Ne5 Nf6 18. Nd7 Nxd7 19. Bxe4 Rac8 20. e3 Rfd8 21. Rxc8 Rxc8 22. Rc1 Qb8 23. Rc2 Rxc2 24. Qxc2 d5 25. Bd3 Qb7 26. a4 Bf6 27. axb5 axb5 28. Ba3 b4 29. Bc1 Kg7 30. Bd2 Be7 31. Qa2 Nf6 32. f3 h5 33. Qa5 Qb8 34. Kf2 h4 35. Qb5 hxg3+ 36. hxg3 Qc7 37. Bxb4 Bxb4 38. Qxb4 Qc1 39. g4 Qh1 40. Be2 Qh2+ 41. Ke1 Nh7 42. Qe7 Qb8 43. b4 Nf6 44. b5 Qa8 45. b6 Qa5+ 46. Kf2 Qxb6 47. g5 Ng8 48. Qd7 Qb8 49. f4 Qb2 50. Qa7 Qc2 51. Qb7 Qc1 52. Bg4 Qd2+ 53. Be2 Qc1 54. Qb8 Qc2 55. Qe5+ Kf8 56. Qh8 Qc7 57. Bd3 Qd6 58. Qh1 Qa3 59. Qb1 Qe7 60. Be2 Kg7 61. Qb5 Qd6 62. Qa6 Ne7 63. Qxd6 1-0


[Site "https://www.chess.com"]

[Event "Titled Tuesday Blitz June 8 2021"]
[White "Dang, Hoang Son"]
[Black "Martin Carmona, Gaston Manuel"]
[WhiteFideId "12402435"]
[BlackFideId "22284567"]
[WhiteElo "2248"]
[BlackElo "2161"]
[Result "1-0"]
[Round "05"]
[TimeControl "180+1"]
[Date "2021.06.08"]
[WhiteClock "0:01:07"]
[BlackClock "0:00:07"]

1. d4 Nf6 2. c4 c5 3. d5 b5 4. Nc3 bxc4 5. e4 d6 6. Nf3 g6 7. e5 dxe5 8. Nxe5 Bg7 9. Qa4+ Bd7 10. Nxd7 Nbxd7 11. Qxc4 O-O 12. Be2 Rc8 13. Bf3 Ne5 14. Qe2 Nxf3+ 15. Qxf3 e6 16. dxe6 Re8 17. O-O Rxe6 18. Bg5 Qb6 19. Bxf6 Bxf6 20. Rab1 Bxc3 21. Qxc3 Rce8 22. h4 h5 23. b3 Re4 24. g3 Qa6 25. Rb2 Re2 26. Rxe2 Rxe2 27. a4 c4 28. Rd1 Qb6 29. Qf3 Ra2 30. Rd7 Qe6 31. Rd8+ Kh7 32. Qc3 f6 33. Qd4 Qb6 34. Qd7+ 1-0


[Site "https://www.chess.com"]

[Event "Titled Tuesday Blitz June 8 2021"]
[White "Danielian, Vardan"]
[Black "Rychkov, Oleg"]
[WhiteFideId "13301594"]
[BlackFideId "4122852"]
[WhiteElo "2538"]
[BlackElo "2493"]
[Result "0-1"]
[Round "05"]
[TimeControl "180+1"]
[Date "2021.06.08"]
[WhiteClock "0:00:07"]
[BlackClock "0:00:40"]

1. Nf3 Nf6 2. g3 e6 3. Bg2 d5 4. O-O Nbd7 5. d4 c5 6. c4 dxc4 7. Na3 Nb6 8. dxc5 Qxd1 9. Rxd1 Bxc5 10. Ne5 Ke7 11. Naxc4 Nxc4 12. Nxc4 Ng4 13. e3 Rb8 14. h3 Nh6 15. e4 f6 16. Bf4 e5 17. Nxe5 fxe5 18. Bxe5 Be6 19. Bxg7 Nf7 20. Bxh8 Rxh8 21. Rac1 b6 22. Rc2 a5 23. Kh2 Bxa2 24. Rcd2 Bb3 25. Rc1 h5 26. f4 Nh6 27. e5 Ng4+ 28. Kh1 Nh6 29. Be4 Rg8 30. Kg2 Be6 31. Rd3 Nf5 32. Kf3 Rxg3+ 33. Ke2 Nd4+ 34. Rxd4 Bxd4 35. f5 Re3+ 36. Kd2 Rxe4 0-1


[Site "https://www.chess.com"]